 Dungeon Crawl Stone Soup version 0.21-a0-421-gfc1ce30 (webtiles) character file.

54 finalcountdown the Magician (level 3, -5/24 HPs)
             Began as a Mummy Fire Elementalist on Nov 4, 2017.
             Slain by Salmacis's ghost (11 damage)
             ... on level 3 of the Dungeon.
             The game lasted 00:05:52 (4056 turns).

finalcountdown the Magician (MuFE)                  Turns: 4056, Time: 00:05:53

Health: -5/24      AC:  2    Str: 11    XL:     3   Next: 66%
Magic:  4/8        EV: 12    Int: 15    God:
Gold:   86         SH:  0    Dex: 12    Spells: 3/9 levels left

rFire    x . .     SeeInvis .   l - +1 spear (pierce)
rCold    + . .     Gourm    .   (no shield)
rNeg     + + +     Faith    .   a - +0 robe
rPois    ∞         Spirit   .   (no helmet)
rElec    .         Reflect  .   (no cloak)
rCorr    .         Harm     .   (no gloves)
MR       .....                  (no boots)
Stlth    ++........             (no amulet)
HPRegen  0.08/turn              (no ring)
MPRegen  0.11/turn              (no ring)

@: no status effects
A: no food or potions, fire vulnerability, cold resistance 1, negative energy
resistance 3, torment resistance, unbreathing
a: no special abilities


You were on level 3 of the Dungeon.
You were not hungry.

You visited 1 branch of the dungeon, and saw 3 of its levels.

You collected 86 gold pieces.

Inventory:

Hand Weapons
 e - a +0 club
 k - a +0 spear
 l - a +1 spear of piercing (weapon)
Missiles
 g - 23 stones (quivered)
Armour
 a - a +0 robe (worn)
Wands
 m - a wand of scattershot (0/9)
Scrolls
 c - 2 scrolls of identify
 d - a scroll of fog {unknown}
 f - a scroll of random uselessness {unknown}
 i - 2 scrolls of teleportation {unknown}
 j - a scroll of fear {unknown}
Books
 b - a book of Flames

   Spells                             Type                      Level
   a - Flame Tongue                   Conjuration/Fire             1
   b - Throw Flame                    Conjuration/Fire             2
   c - Conjure Flame                  Conjuration/Fire             3
   d - Inner Flame                    Hexes/Fire                   3
   e - Sticky Flame                   Conjuration/Fire             4
   f - Fireball                       Conjuration/Fire             5
Comestibles
 h - 2 royal jellies


   Skills:
 - Level 1.5 Dodging
 - Level 1.5 Stealth
 + Level 3.6 Spellcasting
 + Level 1.6 Conjurations
 + Level 3.0 Fire Magic


You had 3 spell levels left.
You knew the following spells:

 Your Spells              Type           Power        Failure   Level  Hunger
a - Flame Tongue          Conj/Fire      #....        7%          1    N/A
b - Throw Flame           Conj/Fire      #.....       11%         2    N/A
c - Conjure Flame         Conj/Fire      #.......     22%         3    N/A

Dungeon Overview and Level Annotations

Branches:
Dungeon (3/15)

Altars:

Annotations:
D:3 Salmacis's ghost, amateur MfFi


Innate Abilities, Weirdness & Mutations

You do not eat or drink.
Your flesh is vulnerable to fire.
You are immune to poison.
Your flesh is cold resistant. (rC+)
You are immune to negative energy. (rN+++)
You are immune to unholy pain and torment.
You can survive without breathing.


Message History

Salmacis's ghost is almost destroyed.
This wand has 2 charges left.
Salmacis's ghost hits you.
Evoke which item? (* to show all) (? for menu, Esc to quit)
Aiming: Scattershot
Press: ? - help, Shift-Dir - straight line, f/p - Salmacis's ghost
Aim: Salmacis's ghost (almost destroyed)
The burst of metal fragments hits Salmacis's ghost. x2
Salmacis's ghost is almost destroyed.
This wand has 1 charge left.
Salmacis's ghost hits you.
* * * LOW HITPOINT WARNING * * *
Evoke which item? (* to show all) (? for menu, Esc to quit)
Aiming: Scattershot
Press: ? - help, Shift-Dir - straight line, f/p - Salmacis's ghost
Aim: Salmacis's ghost (almost destroyed)
The burst of metal fragments hits Salmacis's ghost. x3
Salmacis's ghost is almost destroyed.
This wand has 0 charges left.
Salmacis's ghost shouts, "What do you have that I didn't have?"
Salmacis's ghost hits you!
You die...

...##.### ....#...
...## ### #.## ### #.#
#.. .. ..# #.# #.# .#
#.# #'## #.##.# #.#
...## #.##.###.# ....##
#.##....@# .....##
#.#.###.W#
......###....##..####..
......'................
......###........######
.....## ###.###.##
....## #####.# ...##
#..# #'## #.##


You could see Salmacis's ghost.

Vanquished Creatures
  A worm (D:3)
  3 dart slugs
  A leopard gecko (D:1)
  An orc (D:3)
  10 bats
  2 giant cockroaches
  3 goblins (D:1)
  5 hobgoblins
  3 jackals (D:1)
  5 kobolds
  2 frilled lizards (D:1)
  4 rats
40 creatures vanquished.

Notes
Turn   | Place    | Note
-------+----------+-------------------------------------------
     0 | D:1      | finalcountdown the Mummy Fire Elementalist began the quest for the Orb.
     0 | D:1      | Reached XP level 1. HP: 13/13 MP: 4/4
   284 | D:1      | Reached skill level 1 in Conjurations
   353 | D:1      | Reached XP level 2. HP: 19/19 MP: 3/5
  1131 | D:1      | Learned a level 2 spell: Throw Flame
  1967 | D:2      | Reached XP level 3. HP: 24/24 MP: 5/7
  2111 | D:2      | Learned a level 3 spell: Conjure Flame
  3297 | D:3      | Noticed Salmacis's ghost (amateur MfFi)
  4056 | D:3      | Slain by Salmacis's ghost

Vault maps used:
D:1:      eino_arrival_druids_welcome
D:2:      first_bread
D:3:      gammafunk_temple_overflow_elements, small_statue_intersection,
          serial_bayou_lagoon_a

Skill      XL: |  1  2  3 |
---------------+----------+-----
Conjurations   | 1 |  1.6
Spellcasting   | 3 |  3.6
Fire Magic     | 3 |  3.0
Dodging        | |  1.5
Stealth        | |  1.5

Action                   || total
-------------------------++-------
Melee: Unarmed           ||     1
       Spear             ||    27
 Cast: Flame Tongue      ||    79
       Conjure Flame     ||     5
Evoke: Wand              ||     4
  Use: Scroll            ||     1
Armor: Robe              ||     6
Dodge: Dodged            ||    43

Table legend:
 A = Spawn XP
 B = Non-spawn XP
 C = Spawn XP percentage of total XP
 D = Spawn monster count
 E = Non-spawn monster count
 F = Spawn count percentage of total count
 G = Total turns spent on level
                    A         B        C        D         E        F      G
               +---------+---------+-------+---------+---------+-------+---------
         Total |       0 |      78 |   0.0 |       0 |      40 |   0.0 |  4056
               +---------+---------+-------+---------+---------+-------+---------
           D:1 |       0 |      40 |   0.0 |       0 |      22 |   0.0 |  1959
           D:2 |       0 |      25 |   0.0 |       0 |      13 |   0.0 |  1267
           D:3 |       0 |      13 |   0.0 |       0 |       5 |   0.0 |   830
               +---------+---------+-------+---------+---------+-------+---------
